 Dungeon Crawl Stone Soup version 0.18.1-5-g4a78601 (webtiles) character file.

65393 slacking the Severer (level 14, -10/127 HPs)
             Began as a Minotaur Fighter on May 10, 2016.
             Was the Champion of Okawaru.
             Mangled by a 15-headed hydra (13 damage)
             ... on level 8 of the Lair of Beasts on May 12, 2016.
             The game lasted 03:13:51 (19091 turns).

slacking the Severer (Minotaur Fighter)            Turns: 19091, Time: 03:13:51

Health: -10/127    AC: 22    Str: 24    XL:     14   Next: 75%
Magic:  10/14      EV: 23    Int:  5    God:    Okawaru [******]
Gold:   1414       SH: 13    Dex: 20    Spells: 1 memorised, 11 levels left

rFire  + + +     SeeInvis .     P - +5 war axe "Killer Bee's Curse" {chop, -Tele rF+++ rN+++ Dex+5}
rCold  + + +     Gourm    .     s - +3 scale mail of the Hot Ocelot {rPois rC+++ Str+2 Dex-5}
rNeg   + + +     Faith    +     c - +0 shield
rPois  +         Spirit   .     Q - +1 hat
rElec  .         Dismiss  .     z - +0 cloak {rPois}
rCorr  .         Reflect  .     w - +2 pair of gloves
SustAt .         Harm     .     C - +1 pair of boots
MR     +++..     NoTele   +     I - amulet of faith
Stlth  +++.......               S - +4 ring of protection
                                N - +6 ring of dexterity

@: heroism, extremely resistant to hostile enchantments, fairly stealthy
A: retaliatory headbutt, horns 2, blurry vision 2, deformed body, fire
resistance 1, magic resistance 2, poison resistance, regeneration 1, screaming
1, MP-powered wands
a: Heroism, Finesse, Renounce Religion


You were on level 8 of the Lair of Beasts.
You worshipped Okawaru.
Okawaru was exalted by your worship.
You were not hungry.

You visited 4 branches of the dungeon, and saw 23 of its levels.
You visited 1 bazaar.
You also visited: Ice Cave.

You collected 1678 gold pieces.
You spent 264 gold pieces at shops.

Inventory:

Hand Weapons
 e - a +1 arbalest of freezing
 D - a +0 shortbow of freezing
 E - the +3 falchion "Rygiasho" {speed, +Inv rPois rF+ Str+3, unknown}
   (You found it on level 6 of the Lair of Beasts)

   Attacks with this weapon are significantly faster.
   It affects your strength (+3).
   It protects you from fire.
   It protects you from poison.
   It lets you turn invisible.
 M - the +2 triple crossbow "Ykef" {venom, rC+ Dex+7}
   (Okawaru gifted it to you in an ice cave)

   It poisons the ammo it fires.
   It affects your dexterity (+7).
   It protects you from cold.
 P - the +5 war axe "Killer Bee's Curse" (weapon) {chop, -Tele rF+++ rN+++ Dex+5}
   (You found it on level 7 of the Dungeon)

   It inflicts extra damage upon your enemies.
   It affects your dexterity (+5).
   It renders you almost immune to fire.
   It renders you almost immune to negative energy.
   It prevents most forms of teleportation.
 Y - a +0 vampiric battleaxe
Missiles
 g - 72 bolts
 B - 9 poisoned javelins (quivered)
Armour
 c - a +0 shield (worn)
 s - the +3 scale mail of the Hot Ocelot (worn) {rPois rC+++ Str+2 Dex-5}
   (You bought it in a shop in a bazaar)

   It affects your strength (+2).
   It affects your dexterity (-5).
   It renders you almost immune to cold.
   It protects you from poison.
 w - a +2 pair of gloves (worn)
 z - a +0 cloak of poison resistance (worn)
 C - a +1 pair of boots (worn)
 K - a +3 ring mail of fire resistance
 Q - a +1 hat (worn)
Jewellery
 I - an amulet of faith (around neck)
 N - a +6 ring of dexterity (left hand)
 S - a +4 ring of protection (right hand)
Wands
 L - a wand of iceblast (5/15)
 V - a wand of slowing (18/48)
 W - a wand of lightning (6/15)
 X - a wand of paralysis (14/24)
Scrolls
 h - 2 scrolls of enchant weapon {unknown}
 k - 3 scrolls of recharging
 l - 8 scrolls of enchant armour
 p - 3 scrolls of identify
 q - 4 scrolls of teleportation {unknown}
 r - 7 scrolls of remove curse
 t - 4 scrolls of magic mapping {unknown}
 u - 4 scrolls of noise {unknown}
 y - 3 scrolls of immolation {unknown}
 J - 5 scrolls of fog {unknown}
 R - a scroll of fear
Potions
 b - 2 potions of cancellation
 d - 5 potions of might
 m - 2 potions of agility
 v - 6 potions of lignification {unknown}
 F - 2 potions of haste
 Z - a potion of berserk rage {unknown}
Books
 i - the Volume of the Lion
   (You found it in an ice cave)

   Spells                             Type                      Level
   a - Blink                          Translocation                2
   b - Mephitic Cloud                 Conjuration/Poison/Air       3
   c - Gell's Gravitas                Hexes/Translocation          3
   d - Olgreb's Toxic Radiance        Poison                       4
   e - Alistair's Intoxication        Transmutation/Poison         5
 n - a book of Clouds

   Spells                             Type                      Level
   a - Mephitic Cloud                 Conjuration/Poison/Air       3
   b - Conjure Flame                  Conjuration/Fire             3
   c - Poisonous Cloud                Conjuration/Poison/Air       6
   d - Freezing Cloud                 Conjuration/Ice/Air          6
   e - Ring of Flames                 Charms/Fire                  7
 x - a book of Unlife

   Spells                             Type                      Level
   a - Recall                         Summoning/Translocation      3
   b - Animate Dead                   Necromancy                   4
   c - Control Undead                 Necromancy                   4
   d - Cigotuvi's Embrace             Necromancy                   5
   e - Death Channel                  Necromancy                   6
   f - Simulacrum                     Ice/Necromancy               6
 A - a book of Changes

   Spells                             Type                      Level
   a - Beastly Appendage              Transmutation                1
   b - Sticks to Snakes               Transmutation                2
   c - Spider Form                    Transmutation/Poison         3
   d - Ice Form                       Ice/Transmutation            4
   e - Blade Hands                    Transmutation                5
 O - a book of Burglary

   Spells                             Type                      Level
   a - Swiftness                      Charms/Air                   2
   b - Passwall                       Transmutation/Earth          2
   c - Passage of Golubria            Translocation                4
   d - Lee's Rapid Deconstruction     Earth                        5
   e - Darkness                       Hexes                        6
   f - Invisibility                   Hexes                        6
Miscellaneous
 U - a plain deck of defence {the Elixir}
Comestibles
 a - 14 beef jerkies
 f - 15 bread rations
 j - 2 royal jellies
 o - 16 fruits


   Skills:
 + Level 12.5(17.5) Fighting
 * Level 19.3(24.3) Axes
 * Level 4.8(9.8) Crossbows
 - Level 3.0(8.0) Throwing
 + Level 9.3(14.3) Armour
 + Level 11.5(16.5) Dodging
 + Level 6.7(11.7) Stealth
 - Level 6.0(11.0) Shields
 * Level 4.0 Transmutations
 + Level 2.3 Invocations


You had 11 spell levels left.
You knew the following spells:

 Your Spells              Type           Power        Failure   Level  Hunger
a - Passwall              Trmt/Erth      #.........   92%         2    ###....


Dungeon Overview and Level Annotations

Branches:
Dungeon (13/15)            Temple (1/1) D:5            Lair (8/8) D:9
  Swamp (0/4) Lair:6       Spider (0/4) Lair:3          Orc (1/2) D:9
  Slime: Lair:6-8    Vaults: D:13-14

Altars:
Ashenzari
Cheibriados
Dithmenos
Elyvilon
Fedhas
Gozag
Kikubaaqudgha
Makhleb
Nemelex Xobeh
Okawaru
Pakellas
Qazlal
Ru
Trog
Vehumet
Xom
Yredelemnul
Zin
The Shining One

Shops:
D:5 (

Annotations:
D:12 exclusion: orange crystal statue
Lair:3 exclusion: oklob plant
Lair:7 exclusion: 3 oklob plants


Innate Abilities, Weirdness & Mutations

You reflexively headbutt those who attack you in melee.
You have a pair of horns on your head.
Scrolls take you longer to read.
Armour fits poorly on your strangely shaped body.
Your flesh is heat resistant.
You are highly resistant to hostile enchantments.
Your system is resistant to poisons.
Your natural rate of healing is unusually fast.
You occasionally shout uncontrollably at your foes.
You expend magic power (3 MP) to strengthen your wands.


Message History

The 15-headed hydra misses you. You block the 15-headed hydra's attack.
The 15-headed hydra closely misses you. The 15-headed hydra bites you!
* * * LOW HITPOINT WARNING * * *
The 15-headed hydra barely misses you.
Press: ? - help, v - describe, . - travel, g - get item
Here: a 15-headed hydra (severely wounded)
A death yak corpse.
The floor, spattered with blood.
Zapping:
L - a wand of iceblast (6/15)
Press: ? - help, Shift-Dir - straight line The mass of ice explodes!
The iceblast engulfs the 15-headed hydra.
The 15-headed hydra is severely wounded.
This wand has 5 charges left.
You hear an angry hiss. x2
The 15-headed hydra bites you!
* * * LOW HITPOINT WARNING * * *
You block the 15-headed hydra's attack. The 15-headed hydra misses you.
You block the 15-headed hydra's attack. The 15-headed hydra bites you!
You die...

..### .....# ## ...P.#
####.# #...P.# #......
#.....## ##....... ##
####....#.###.P......
.###..#P..##...P........
..P.P.....#......†......
....P.....P...P.@D......
÷P..##..PP......†.......
....###..P..P###........
....# ##.....###........
..#.# #.#.P..#.........
...### ##....#..........
.....###....#.#.........
.......#.P..#..#........
......#.....PP.P..#...


You could see a 15-headed hydra.

Vanquished Creatures
  Gastronok (Lair:1)
  A frost giant (IceCv)
  4 hydras
  A centaur warrior (D:11)
  The ghost of jehirs the Cleaver, a novice MiBe of Trog (D:10)
  8 death yaks
  The ghost of PossumBlood the Carver, a novice HuFi of Okawaru (D:9)
  Urug (Lair:2)
  4 hill giants
  A necromancer (Lair:4)
  The ghost of Kiel97 the Basher, a novice GrHu of Zin (D:7)
  An orb spider (Lair:3)
  An orc sorcerer (Orc:1)
  An ugly thing (D:11)
  4 griffons
  13 elephants
  Joseph (D:7)
  7 spiny frogs
  5 black mambas
  2 torpor snails (Lair:5)
  3 gargoyles
  10 komodo dragons
  2 rime drakes
  3 trolls
  2 giant leeches (Lair:6)
  13 polar bears (IceCv)
  21 blink frogs
  A two-headed ogre (D:9)
  Prince Ribbit (D:7)
  A boulder beetle (Lair:6)
  2 vampires
  62 yaks
  2 wyverns
  2 steam dragons
  9 hippogriffs
  2 basilisks
  3 hungry ghosts
  2 vampire mosquitoes (D:11)
  Menkaure (D:7)
  A warg (Orc:1)
  14 water moccasins
  10 porcupines
  9 orc warriors
  4 ice beasts
  2 black bears
  2 elephant zombies (Lair:4)
  7 ogres
  21 wolves
  14 centaurs
  3 big kobolds
  14 crocodiles
  A komodo dragon zombie (Lair:4)
  Blork the orc (D:4)
  23 giant frogs
  A wyvern zombie (D:9)
  4 scorpions
  4 howler monkeys
  4 electric eels (Lair:4)
  2 crimson imps
  A giant frog zombie (D:9)
  7 hounds
  A wasp zombie (D:12)
  3 jellies
  8 orc priests
  18 orc wizards
  2 giant frog skeletons
  12 iguanas
  8 worker ants
  18 sheep
  A crocodile zombie (Lair:4)
  A hound skeleton (D:4)
  A howler monkey zombie (D:11)
  4 worker ant zombies
  A howler monkey skeleton (D:6)
  12 adders
  8 gnolls
  55 river rats
  A shadow imp (D:6)
  An adder skeleton (D:7)
  4 worms
  A dart slug (D:2)
  6 giant geckos
  66 orcs
  8 bats
  3 giant cockroaches
  5 goblins
  5 hobgoblins
  17 jackals
  37 kobolds
  A quokka (D:3)
  A giant gecko skeleton (D:4)
  3 giant newts
  A jackal skeleton (D:4)
  4 rats
  8 fungi
  8 plants
683 creatures vanquished.

Vanquished Creatures (others)
  A polar bear (IceCv)
  4 fungi
  16 plants (Lair:8)
21 creatures vanquished.

Grand Total: 704 creatures vanquished

Notes
Turn   | Place    | Note
--------------------------------------------------------------
     0 | D:1      | slacking the Minotaur Fighter began the quest for the Orb.
     0 | D:1      | Reached XP level 1. HP: 19/19 MP: 0/0
   257 | D:1      | Reached XP level 2. HP: 27/27 MP: 1/1
  1472 | D:2      | Reached XP level 3. HP: 33/33 MP: 2/2
  1963 | D:2      | Reached skill level 1 in Dodging
  1963 | D:2      | Reached XP level 4. HP: 40/40 MP: 3/3
  2253 | D:3      | Reached skill level 3 in Axes
  2347 | D:3      | Found a shimmering altar of Xom.
  2483 | D:3      | Reached XP level 5. HP: 47/47 MP: 4/4
  2762 | D:4      | Reached skill level 5 in Shields
  3004 | D:4      | Noticed Blork the orc
  3017 | D:4      | Gained mutation: Your system is resistant to poisons. [potion of mutation]
  3017 | D:4      | Gained mutation: Your flesh is heat resistant. [potion of mutation]
  3017 | D:4      | Gained mutation: Scrolls take you a little longer to read. [potion of mutation]
  3023 | D:4      | Reached skill level 4 in Axes
  3037 | D:4      | Reached XP level 6. HP: 24/53 MP: 5/5
  3043 | D:4      | Killed Blork the orc
  3442 | D:5      | Entered Level 5 of the Dungeon
  3479 | D:5      | Reached skill level 5 in Axes
  3514 | D:5      | Found Kaetz's Antique Weapon Boutique.
  3518 | D:5      | Found a burning altar of Makhleb.
  3572 | D:5      | Found a staircase to the Ecumenical Temple.
  3581 | Temple   | Entered the Ecumenical Temple
  3588 | Temple   | Became a worshipper of Warmaster Okawaru
  3747 | D:5      | Reached skill level 1 in Stealth
  3780 | D:5      | Reached XP level 7. HP: 54/60 MP: 6/6
  3867 | D:6      | Reached skill level 5 in Fighting
  3967 | D:6      | Noticed a wyvern
  3980 | D:6      | Reached * piety under Okawaru
  3988 | D:6      | Killed a wyvern
  3988 | D:6      | Reached skill level 6 in Axes
  4034 | D:6      | Reached skill level 5 in Armour
  4228 | D:6      | Reached XP level 8. HP: 40/69 MP: 7/7
  4706 | D:6      | Reached skill level 7 in Axes
  4727 | D:6      | Reached ** piety under Okawaru
  4885 | D:6      | Gained mutation: You evolve. [potion of mutation]
  4885 | D:6      | Lost mutation: You evolve. [potion of mutation]
  4885 | D:6      | Gained mutation: Your natural rate of healing is unusually fast. [potion of mutation]
  4917 | D:6      | Gained mutation: Your muscles are strong. (Str +2) [potion of mutation]
  4917 | D:6      | Gained mutation: You expend magic power (3 MP) to strengthen your wands. [potion of mutation]
  4918 | D:6      | Gained mutation: You are resistant to hostile enchantments. [potion of mutation]
  4918 | D:6      | Gained mutation: Armour fits poorly on your strangely shaped body. [potion of mutation]
  5057 | D:7      | Reached skill level 5 in Dodging
  5097 | D:7      | Noticed Menkaure
  5107 | D:7      | Killed Menkaure
  5185 | D:7      | Reached skill level 8 in Axes
  5255 | D:7      | Noticed Joseph
  5270 | D:7      | Killed Joseph
  5270 | D:7      | Reached *** piety under Okawaru
  5270 | D:7      | Reached XP level 9. HP: 65/78 MP: 6/8
  5348 | D:7      | Noticed Prince Ribbit
  5351 | D:7      | Noticed Kiel97's ghost (novice GrHu)
  5381 | D:7      | Killed Kiel97's ghost
  5381 | D:7      | Reached skill level 9 in Axes
  5389 | D:7      | Killed Prince Ribbit
  5403 | D:7      | Got an encrusted war axe
  5430 | D:7      | Identified the +5 war axe "Killer Bee's Curse" {chop, -Tele rF+++ rN+++ Dex+5} (You found it on level 7 of the Dungeon)
  5494 | D:7      | Reached **** piety under Okawaru
  5919 | D:7      | Reached skill level 1 in Invocations
  6188 | D:8      | Found a glowing silver altar of Zin.
  6189 | D:8      | Found an ancient bone altar of Kikubaaqudgha.
  6190 | D:8      | Found a radiant altar of Vehumet.
  6280 | D:8      | Reached skill level 10 in Axes
  6521 | D:8      | Reached XP level 10. HP: 85/86 MP: 9/9
  6602 | D:8      | Noticed a gargoyle
  6619 | D:8      | Killed a gargoyle
  6637 | D:8      | Reached skill level 5 in Stealth
  7357 | D:9      | Found a staircase to the Lair.
  7357 | D:9      | Noticed PossumBlood's ghost (novice HuFi)
  7401 | D:9      | Found a staircase to the Orcish Mines.
  7450 | D:9      | Reached skill level 11 in Axes
  7453 | D:9      | Killed PossumBlood's ghost
  8194 | Lair:1   | Entered Level 1 of the Lair of Beasts
  8247 | Lair:1   | Noticed a spiny frog
  8295 | D:10     | Entered Level 10 of the Dungeon
  8344 | D:10     | Noticed jehirs's ghost (novice MiBe)
  8368 | D:10     | Killed jehirs's ghost
  8368 | D:10     | Reached ***** piety under Okawaru
  8368 | D:10     | Reached skill level 12 in Axes
  8368 | D:10     | Reached skill level 1 in Throwing
  8450 | D:10     | Reached XP level 11. HP: 80/95 MP: 11/11
  8595 | D:10     | Received a gift from Okawaru
  8914 | D:11     | Found a flickering gateway to a bazaar.
  8914 | D:11     | Noticed a cyan ugly thing
  8919 | Bazaar   | Entered a bazaar
  8921 | Bazaar   | Found Moikig's Food Shoppe.
  8939 | Bazaar   | Found Nyom's Armour Emporium.
  8987 | Bazaar   | Found Fufanek's Weapon Emporium.
  9023 | Bazaar   | Found Ginnausk's Antique Armour Emporium.
  9145 | Bazaar   | Bought a slimy scale mail for 234 gold pieces
  9147 | Bazaar   | Identified the +3 scale mail of the Hot Ocelot {rPois rC+++ Str+2 Dex-5} (You bought it in a shop in a bazaar)
  9187 | Bazaar   | Bought a beef jerky for 10 gold pieces
  9187 | Bazaar   | Bought a slice of pizza for 10 gold pieces
  9187 | Bazaar   | Bought a beef jerky for 10 gold pieces
  9331 | D:11     | Noticed a hill giant
  9339 | D:11     | Killed a hill giant
  9345 | D:11     | Noticed a centaur warrior
  9353 | D:11     | Killed a centaur warrior
  9353 | D:11     | Reached skill level 13 in Axes
  9735 | D:11     | Noticed a hill giant
  9743 | D:11     | Killed a hill giant
  9954 | D:12     | Reached skill level 14 in Axes
 10029 | D:12     | Received a gift from Okawaru
 10047 | D:12     | Found a glowing golden altar of the Shining One.
 10077 | D:12     | Received a gift from Okawaru
 10077 | D:12     | Reached XP level 12. HP: 88/106 MP: 12/12
 10129 | D:12     | Noticed a six-headed hydra
 10188 | D:12     | Noticed a six-headed hydra
 10195 | D:12     | Killed a nine-headed hydra
 10195 | D:12     | Received a gift from Okawaru
 10267 | D:12     | Reached skill level 15 in Axes
 10358 | D:12     | Found a shadowy altar of Dithmenos.
 10545 | D:13     | Noticed a five-headed hydra
 10549 | D:13     | Noticed a vault guard
 10556 | D:13     | Noticed a vault guard
 10556 | D:13     | Noticed a vault guard
 10746 | D:11     | Reached skill level 10 in Fighting
 10756 | D:11     | Gained mutation: You are highly resistant to hostile enchantments. [mutagenic meat]
 10757 | D:11     | Gained mutation: Scrolls take you longer to read. [mutagenic meat]
 11253 | Orc:1    | Entered Level 1 of the Orcish Mines
 11279 | Orc:1    | Noticed a stone giant
 11468 | Lair:1   | Noticed Gastronok
 11484 | Lair:1   | Killed Gastronok
 11484 | Lair:1   | Reached skill level 16 in Axes
 11886 | Lair:1   | Reached skill level 10 in Dodging
 11898 | Lair:1   | Reached ****** piety under Okawaru
 12441 | Lair:2   | Noticed a four-headed hydra
 12454 | Lair:2   | Killed a nine-headed hydra
 12454 | Lair:2   | Reached XP level 13. HP: 105/115 MP: 11/13
 12640 | Lair:2   | Noticed Urug
 12656 | Lair:2   | Killed Urug
 13184 | Lair:2   | Received a gift from Okawaru
 13594 | Lair:3   | Found a hole to the Spider Nest.
 13827 | Lair:3   | Learned a level 2 spell: Passwall
 13956 | Lair:3   | Reached skill level 17 in Axes
 14110 | Lair:3   | Reached skill level 1 in Transmutations
 15441 | Lair:5   | Found a frozen archway.
 15450 | IceCv    | Entered an ice cave
 15621 | IceCv    | Received a gift from Okawaru
 15627 | IceCv    | Got a jewelled triple crossbow {god gift}
 15664 | IceCv    | Identified the +2 triple crossbow "Ykef" {venom, rC+ Dex+7} (Okawaru gifted it to you in an ice cave)
 15736 | IceCv    | Noticed a frost giant
 15750 | IceCv    | Reached skill level 1 in Crossbows
 15777 | IceCv    | Killed a frost giant
 15777 | IceCv    | Reached skill level 18 in Axes
 15810 | IceCv    | Identified the Volume of the Lion
 16277 | Lair:5   | Found a snail-covered altar of Cheibriados.
 16287 | Lair:5   | Received a gift from Okawaru
 16682 | Lair:6   | Reached XP level 14. HP: 125/125 MP: 14/14
 16795 | Lair:6   | Got a jewelled falchion
 16918 | Lair:6   | Found a staircase to the Swamp.
 17394 | Lair:7   | Received a gift from Okawaru
 17552 | Lair:7   | Gained mutation: You occasionally shout uncontrollably at your foes. [potion of mutation]
 17552 | Lair:7   | Lost mutation: Your muscles are strong. (Str +2) [potion of mutation]
 17569 | Lair:7   | Received a gift from Okawaru
 17578 | Lair:7   | Got a slimy ring mail {god gift}
 17589 | Lair:7   | Identified the +5 ring mail "Catuck" {rC+} (Okawaru gifted it to you on level 7 of the Lair of Beasts)
 18248 | Lair:8   | Entered Level 8 of the Lair of Beasts
 18264 | Lair:8   | Reached skill level 19 in Axes
 19076 | Lair:8   | Received a gift from Okawaru
 19091 | Lair:8   | HP: 3/127 [15-headed hydra (10)]
 19091 | Lair:8   | Mangled by a 15-headed hydra

Skill      XL: |  1  2  3  4  5  6  7  8  9 10 11 12 13 14 |
---------------+-------------------------------------------+-----
Shields        | 4 5 6 |  6.0
Fighting       | 4 5 6 7 8 9 10 11 12 | 12.5
Armour         | 4 5 6 7 8 9 |  9.3
Dodging        | 1 2 3 4 6 7 8 10 11 | 11.5
Axes           | 3 4 5 6 8 10 12 14 16 18 19 | 19.3
Stealth        | 1 2 3 4 5 6 |  6.7
Invocations    | 1 2 |  2.3
Throwing       | 1 2 3 |  3.0
Transmutations | 2 4 |  4.0
Crossbows      | 2 4 |  4.8

Action                   |  1- 3 |  4- 6 |  7- 9 | 10-12 | 13-15 || total
-------------------------+-------+-------+-------+-------+-------++-------
Melee: War axe           |    70 |       |    86 |   496 |   697 ||  1349
       Headbutt          |    13 |    21 |    73 |   145 |   233 ||   485
       Hand axe          |    32 |   111 |   201 |       |       ||   344
Throw: Tomahawk          |       |       |     3 |    19 |       ||    22
       Javelin           |       |       |       |     6 |     1 ||     7
Invok: Heroism           |       |       |     5 |    14 |     6 ||    25
Evoke: Wand              |       |       |       |       |     1 ||     1
  Use: Scroll            |     2 |     2 |       |    12 |    11 ||    27
       Potion            |       |     3 |     5 |     8 |     7 ||    23
 Stab: Sleeping          |       |       |     8 |     4 |     5 ||    17
       Distracted        |       |       |       |     2 |     1 ||     3
  Eat: Beef jerky        |     1 |       |     1 |       |       ||     2
       Chunk             |     2 |     6 |     6 |    13 |     1 ||    28
       Meat ration       |       |       |     1 |     1 |     3 ||     5
       Pizza             |       |       |       |     2 |     1 ||     3
       Royal jelly       |       |       |       |       |     2 ||     2
Armor: Scale mail        |    40 |    20 |       |    78 |   214 ||   352
       Leather armour    |       |    16 |    31 |       |       ||    47
       Ring mail         |       |       |     1 |    31 |       ||    32
Dodge: Dodged            |    33 |    37 |    85 |   271 |   476 ||   902
Block: Shield            |    59 |    58 |   139 |   276 |   405 ||   937
